Map: Central Protocol

Players

Rodzyn - Winner!

  • Race: Protoss Protoss
  • League: Grandmaster

Miszu

  • Race: Terran Terran
  • League: Grandmaster

VOD

Have the link to the VOD?

Description

Time

  • Played on: Feb. 21, 2016, 4:24 p.m.
  • Length: 6:37
Show
View Real Time Build Order
Export as new Build Order

Rodzyn Protoss - Winner!

Build Orders: 1 Gate Expand, Blink Stalkers 

Get SALT Encoding   

  12  0:01  Probe (Chrono Boost)  
  13  0:12  Probe (Chrono Boost)  
  14  0:18  Pylon  
  14  0:22  Probe (Chrono Boost)  
  15  0:36  Probe (Chrono Boost)  
  15  0:37  Gateway  
  16  0:47  Probe (Chrono Boost)  
  16  0:48  Assimilator  
  17  0:57  Probe (Chrono Boost)  
  18  1:08  Probe (Chrono Boost)  
  19  1:23  Nexus  
  20  1:25  Probe (Chrono Boost)  
  20  1:34  Cybernetics Core  
  20  1:38  Probe (Chrono Boost)  
  21  1:46  Assimilator  
  21  1:49  Probe (Chrono Boost)  
  21  1:53  Pylon  
  22  1:59  Probe (Chrono Boost)  
  23  2:11  Stalker, Probe (Chrono Boost)  
  23  2:13  Warp Gate  
  26  2:22  Probe (Chrono Boost)  
  27  2:29  Twilight Council  
  27  2:32  Probe (Chrono Boost)  
  28  2:37  Probe (Chrono Boost)  
  28  2:43  Stalker, Probe (Chrono Boost)  
  32  2:49  Probe (Chrono Boost)  
  33  2:54  Probe (Chrono Boost)  
  34  3:00  Probe (Chrono Boost)  
  35  3:06  Blink (Chrono Boost)  
  35  3:07  Probe  
  35  3:11  Probe  
  36  3:14  Stalker  
  36  3:19  Pylon, Probe  
  40  3:23  Probe  
  41  3:31  Probe  
  42  3:34  Probe  
  43  3:43  Gateway x2  
  43  3:46  Gateway  
  43  3:47  Probe  
  43  3:48  Probe  
  44  3:54  Gateway  
  45  3:58  Probe  
  45  4:01  Assimilator  
  46  4:03  Probe  
  47  4:11  Gateway, Mothership Core  
  49  4:20  Stalker  
  49  4:22  Pylon  
  51  4:24  Probe  
  52  4:32  Probe  
  52  4:37  Pylon  
  52  4:38  Pylon  
  53  4:42  Stalker x3  
  59  4:46  Stalker  
  61  4:56  Pylon  
  61  4:57  Stalker  
  63  5:12  Stalker  
  63  5:13  Stalker x4  
  73  5:15  Probe  
  73  5:17  Assimilator  
  74  5:21  Probe  
  74  5:25  Pylon  
  75  5:36  Stalker  
  75  5:37  Stalker x2  
  81  6:02  Probe  
  82  6:04  Stalker  
  82  6:05  Stalker x4  
  82  6:06  Pylon  
  82  6:07  Pylon  
  66  6:33  Stalker x2  
  66  6:34  Stalker x4  
Show
View Real Time Build Order
Export as new Build Order

Miszu Terran 

Build Orders: Command Center First (CC) 

Get SALT Encoding   

  12  0:00  SCV  
  13  0:13  SCV  
  14  0:17  Supply Depot  
  14  0:25  SCV  
  15  0:39  SCV  
  16  0:51  SCV  
  17  1:02  Command Center  
  17  1:03  SCV  
  18  1:16  SCV  
  18  1:17  Barracks  
  19  1:28  SCV  
  19  1:30  Barracks  
  20  1:40  SCV  
  20  1:44  Barracks  
  21  1:52  SCV  
  22  2:04  Marine, Orbital Command  
  23  2:13  Orbital Command  
  23  2:18  Marine  
  23  2:22  Marine  
  25  2:30  SCV  
  25  2:31  Marine  
  25  2:34  Refinery  
  25  2:36  Marine, Refinery  
  28  2:39  SCV  
  28  2:42  Marine, SCV  
  31  2:50  Marine  
  32  2:51  SCV  
  32  2:54  SCV  
  32  2:56  Supply Depot  
  32  2:57  Marine  
  35  3:00  Marine  
  35  3:04  SCV  
  37  3:06  SCV  
  37  3:08  Barracks Tech Lab  
  38  3:18  Marine, SCV x2  
  41  3:20  Supply Depot, Marine  
  41  3:21  Supply Depot  
  41  3:26  Marine  
  43  3:27  Stimpack  
  43  3:30  SCV  
  43  3:33  SCV  
  45  3:36  Marine  
  46  3:41  Marine  
  46  3:42  SCV  
  46  3:44  Factory, Marine  
  49  3:48  SCV  
  49  3:54  Refinery, SCV  
  49  3:55  Marine  
  52  3:58  Engineering Bay  
  52  4:00  SCV  
  53  4:02  Supply Depot  
  53  4:05  Marine  
  53  4:06  SCV  
  55  4:11  Marine  
  55  4:13  SCV  
  57  4:19  SCV  
  57  4:22  Marine  
  57  4:23  Marine  
  60  4:25  Terran Infantry Weapons Level 1  
  60  4:26  SCV  
  60  4:27  Starport  
  60  4:29  Factory Reactor  
  62  4:32  SCV  
  62  4:36  Bunker  
  64  4:38  Marauder  
  64  4:39  SCV  
  64  4:43  Supply Depot  
  64  4:44  SCV  
  64  4:45  Marine  
  67  4:47  Marine  
  67  4:51  SCV  
  69  4:54  Missile Turret  
  69  4:56  SCV  
  69  4:58  Missile Turret  
  70  5:04  Marine  
  70  5:05  Marauder  
  73  5:07  Liberator  
  73  5:13  Marine  
  73  5:22  Marine  
  73  5:24  Widow Mine  
  78  5:33  Bunker  
  78  5:36  Supply Depot  
  78  5:38  Supply Depot  
  78  5:45  Marine  
  78  5:49  Marine  
  78  5:55  Marauder  
  78  6:02  Marine  
  79  6:07  Marine  
  79  6:09  Bunker  
  61  6:26  Barracks  
  61  6:29  Barracks  
Tags
 
Add a new tag
Caveats
  • Supply blocks, unpowered buildings, or Contaminate may cause inaccurate times.
  • Supply counts are checked every 10 seconds.